Cogmind - Beta 9.2 @@@ ROGUE MODE // 2019.12.09 @ 08:58:39 Player: Demise Result: Destroyed by as-44361 with Assembled Rifle Performance ------------- Evolutions (0) 0 Regions Visited (2) 400 Robots Destroyed (18) 90 Value Destroyed (259) 259 Prototype IDs (0) 0 Alien Tech Used (0) 0 Bonus (0) 0 TOTAL SCORE: 749 Bonus ------- None Cogmind --------- Core Integrity 0/250 Matter 394/450 Energy 99/100 System Corruption 0% Temperature Cool (0) Movement Core (100) Ox1 Location -10/Mines Parts ------- > --- POWER (1) -------- (None) > --- PROPULSION (2) --- (None) > --- UTILITY (2) ------ Large Matter Pod Improved Terrain Scanner > --- WEAPON (2) ------- (None) > --- INVENTORY (4) ---- Small Storage Unit Experimental Sensor Array Seismic Analyzer Mining Laser Peak State ------------ > --- POWER ------------ Light Ion Engine > --- PROPULSION ------- Wheel Wheel > --- UTILITY ---------- Improved Terrain Scanner Tractor Beam > --- WEAPON ----------- Light Assault Rifle Light Assault Rifle > --- INVENTORY -------- Small Storage Unit Seismic Analyzer Light Assault Rifle [Rating: 8] Favorites ----------- Power Light Ion Engine Engine Light Ion Engine Propulsion Wheel Leg Aluminum Leg Wheel Wheel Hover Unit Hover Unit Utility Improved Terrain Scanner Device Improved Terrain Scanner Storage Large Matter Pod Weapon Light Assault Rifle Ballistic Gun Light Assault Rifle Build | -11 -10 -10 ------- Run | Scr Mat Min Slots Evolved . | . . . Power . | . . . Propulsion . | . . . Utility . | . . . Weapon . | . . . Parts Attached 17 | 8 8 1 Power 2 | 1 1 . Engine 2 | 1 1 . Core . | . . . Reactor . | . . . Propulsion 6 | 2 4 . Treads . | . . . Leg 2 | . 2 . Wheel 3 | 2 1 . Hover 1 | . 1 . Flight . | . . . Utility 5 | 3 2 . Device 3 | 2 1 . Storage 2 | 1 1 . Processor . | . . . Hackware . | . . . Protection . | . . . Artifact . | . . . Weapon 4 | 2 1 1 Energy Gun . | . . . Energy Cannon . | . . . Ballistic Gun 4 | 2 1 1 Ballistic Cannon . | . . . Launcher . | . . . Special Weapon . | . . . Impact Weapon . | . . . Slashing Weapon . | . . . Piercing Weapon . | . . . Special Melee Weapon . | . . . Unidentified Prototypes . | . . . Parts Lost 7 | . 3 4 Power 1 | . 1 . Propulsion 4 | . 2 2 Utility . | . . . Weapon 2 | . . 2 Highest Loss Streak 4 | . 2 4 Average Slot Usage (%) 90 | . 96 76 Engine 8 | . 12 . Leg 10 | . 9 11 Wheel 11 | . 15 . Hover 4 | . 1 12 Device 13 | . 13 14 Storage 14 | . 14 14 Ballistic Gun 27 | . 28 25 Naked Turns . | . . . Heaviest Build 11 | 8 11 6 Greatest Support 20 | 20 20 6 Greatest Overweight (x) 1 | . 1 1 Average Overweight (x) . | . . . Largest Inventory Capacity 4 | 4 4 4 Average Capacity 4 | 4 4 4 Most Carried 4 | 4 4 4 Average Carried 3 | 3 4 4 Final Capacity 4 | 4 4 4 Final Carried 4 | 4 4 4 Class Distribution -------------------- 95% | Mutant 4% | Scavenger-Mutant Dominant Class ---------------- Mutant | -10/Materials Mutant | -10/Mines Resources | -11 -10 -10 ----------- Run | Scr Mat Min Matter Collected 568 | 418 130 20 Remotely 32 | 32 . . Salvage Created 517 | 251 256 10 Parts 41 | 20 21 . Haulers Intercepted . | . . . Recyclers Shooed . | . . . Parts Field Recycled . | . . . Retrieved Matter . | . . . Parts Self-Destructed . | . . . Prevented . | . . . Kills | -11 -10 -10 ------- Run | Scr Mat Min Combat Hostiles Destroyed 9 | . 8 1 Guns 9 | . 8 1 Classes Destroyed 7 | 3 3 1 Worker 2 | 2 . . Tunneler 5 | 5 . . Recycler 1 | 1 . . Watcher 1 | . 1 . Swarmer 3 | . 3 . Grunt 5 | . 5 . Assembled 1 | . . 1 Best Kill Streak 4 | 4 2 1 Combat Bots Only 2 | . 2 1 Max Kills in Single Turn 1 | 1 1 1 Gunslinging . | . . . Exploded . | . . . Melee . | . . . Uniques/NPCs Destroyed . | . . . Combat | -11 -10 -10 -------- Run | Scr Mat Min Damage Taken 783 | . 507 276 Core 255 | . 148 107 Absorbed by Shields . | . . . Core Remaining (%) 100 | 100 . . Volleys Fired 82 | 21 44 17 Largest 2 | 2 2 2 Hottest 40 | 40 40 40 Shots Fired 151 | 42 88 21 Gun 151 | 42 88 21 Cannon . | . . . Launcher . | . . . Special . | . . . Kinetic 151 | 42 88 21 Thermal . | . . . Explosive . | . . . Electromagnetic . | . . . Robot Hit Streak 20 | 7 20 4 Robot Miss Streak 5 | 3 3 5 Penetration Max . | . . . Secondary Targets 2 | . 1 1 Max Gunslinging Chain 1 | . 1 1 Shots Hit Robots 94 | 25 59 10 Core Hits 38 | 16 18 4 Critical Hits 1 | . . 1 Critical Kills . | . . . Critical Parts Destroyed 1 | . . 1 Melee Attacks . | . . . Impact . | . . . Slashing . | . . . Piercing . | . . . Sneak Attacks . | . . . Combat Hostiles . | . . . Follow-up Attacks . | . . . Damage Inflicted 748 | 184 471 93 Guns 737 | 184 460 93 Cannons . | . . . Explosions . | . . . Melee . | . . . Ramming 11 | . 11 . Kinetic 737 | 184 460 93 Thermal . | . . . Explosive . | . . . Electromagnetic . | . . . Impact . | . . . Slashing . | . . . Piercing . | . . . Highest Corruption . | . . . Average Corruption . | . . . Corruption Purged . | . . . Overload Shots . | . . . Overflow Damage . | . . . Projectiles . | . . . Explosions . | . . . Melee . | . . . Knockbacks . | . . . Impact . | . . . Kinetic . | . . . Secondary . | . . . Self-Inflicted Damage 5 | . 5 . Shots . | . . . Rammed 1 | . 1 . Targets Rammed 1 | . 1 . Kicked . | . . . Crushed . | . . . Highest Temperature 28 | . 28 . Average Temperature 9 | . 9 . Received Heat Transfer 156 | . 156 . Siege Activations . | . . . Robots Corrupted . | . . . Combat Hostiles . | . . . Parts Fried . | . . . Impact Corruptions . | . . . Robots Melted . | . . . Combat Hostiles . | . . . Parts Melted . | . . . Heat Transferred . | . . . Parts Sabotaged . | . . . Parts Stolen . | . . . Parts Stripped . | . . . Power Chain Reactions . | . . . Missiles Intercepted . | . . . Alert | -11 -10 -10 ------- Run | Scr Mat Min Peak Influence 226 | 40 226 87 Average Influence 104 | 23 154 80 Maximum Alert Level 1 | . 1 . Low Security (%) 79 | 100 60 100 Level 1 20 | . 39 . Level 2 . | . . . Level 3 . | . . . Level 4 . | . . . Level 5 . | . . . High Security . | . . . Max Security . | . . . Squads Dispatched 4 | . 4 . Investigation 3 | . 3 . Extermination . | . . . Reinforcement 1 | . 1 . Assault . | . . . Garrison . | . . . Intercept . | . . . Construction Impeded . | . . . Haulers Reinforced . | . . . Stealth | -11 -10 -10 --------- Run | Scr Mat Min Distress Signals . | . . . Communications Jammed . | . . . Distress Signals . | . . . Times Spotted 21 | . 13 8 Peak Tracking Total 4 | . 4 4 Tactical Retreats 4 | . 3 1 Traps | -11 -10 -10 ------- Run | Scr Mat Min Traps Triggered 2 | . 2 . Indirectly . | . . . Trap Hack Attempts . | . . . Triggered . | . . . Disarmed . | . . . Reprogrammed . | . . . Reused . | . . . Traps Extracted . | . . . Installed . | . . . Triggered . | . . . Machines | -11 -10 -10 ---------- Run | Scr Mat Min Machines Disabled . | . . . Max in Single Turn . | . . . Machines Sabotaged . | . . . Garrisons Compromised . | . . . Overloaded Fab Kills . | . . . Fab Network Shutdowns . | . . . Hacking | -11 -10 -10 --------- Run | Scr Mat Min Machines Accessed 2 | . 2 . Terminals 1 | . 1 . Fabricators . | . . . Repair Stations . | . . . Recycling Units 1 | . 1 . Scanalyzers . | . . . Garrison Access . | . . . Total Hacks 6 | . 6 . Successful 5 | . 5 . Failed 1 | . 1 . Catastrophic . | . . . Database Lockouts . | . . . Manual 2 | . 2 . Terminals 3 | . 3 . Fabricators . | . . . Repair Stations . | . . . Recycling Units 3 | . 3 . Scanalyzers . | . . . Garrison Access . | . . . Terminal Hacks 1 | . 1 . Level Access Points 1 | . 1 . Fabricator Hacks . | . . . Repair Station Hacks . | . . . Recycling Unit Hacks 3 | . 3 . Process 1 | . 1 . Report Inventory 1 | . 1 . Retrieve Matter 1 | . 1 . Scanalyzer . | . . . Garrison Access Hacks . | . . . Unauthorized Hacks 2 | . 2 . Terminals 1 | . 1 . Botnet 1 | . 1 . Fabricators . | . . . Repair Stations . | . . . Recycling Units . | . . . Scanalyzers . | . . . Garrison Access . | . . . Data Cores Recovered . | . . . Used . | . . . Hacking Detections 2 | . 2 . Full Trace Events 2 | . 2 . Feedback Events . | . . . Feedback Blocked . | . . . Robot Schematics Acquired . | . . . Robots Built . | . . . Matter . | . . . Time . | . . . Total Robot Build Rating . | . . . Part Schematics Acquired . | . . . Parts Built . | . . . Matter . | . . . Time . | . . . Total Part Build Rating . | . . . Parts Repaired . | . . . Time . | . . . Parts Recycled . | . . . Recycled Matter 4 | . 4 . Retrieved Matter 4 | . 4 . Retrieved Components . | . . . Parts Scanalyzed . | . . . Part Schematics Acquired . | . . . Parts Damaged . | . . . Bothacking | -11 -10 -10 ------------ Run | Scr Mat Min Used RIF Installer . | . . . Robots Hacked . | . . . Non-combat . | . . . Combat . | . . . Robot Hacks Applied . | . . . Relay Couplers Released . | . . . Robots Rewired . | . . . Allies Hacked . | . . . Hacks Repelled . | . . . Allies | -11 -10 -10 -------- Run | Scr Mat Min Total Allies . | . . . Largest Group . | . . . Highest-Rated Group . | . . . Highest-Rated Ally . | . . . Total Orders . | . . . Ally Attacks . | . . . Total Damage . | . . . Kills . | . . . Allies Corrupted . | . . . Allies Melted . | . . . Intel | -11 -10 -10 ------- Run | Scr Mat Min Robot Analysis Total . | . . . Derelict Logs Recovered . | . . . Drone Launches . | . . . Drone Recoveries . | . . . Exploration | -11 -10 -10 ------------- Run | Scr Mat Min Turns Passed 708 | 185 374 149 Spaces Moved 532 | 141 266 125 Core 16 | 3 3 10 Treads . | . . . Legs 1 | . 1 . Wheels 375 | 138 237 . Hover 140 | . 25 115 Flight . | . . . Fastest Speed 50 | 50 70 70 Average Speed 79 | 79 83 72 Slowest Speed 120 | 80 120 100 Overloaded Moves . | . . . Propulsion Burnouts . | . . . Robots Hopped . | . . . Cave-ins Triggered . | . . . Exploration Rate (%) 26 | 5 38 35 Regions Visited 2 Branch Regions 1 Pre-discovered Areas . | . . . Known Exits Taken . | . . . Unknown Exits Taken 2 | 1 1 . Scrap Searched . | . . . Spaces Dug . | . . . Terrain Destroyed . | . . . Melee . | . . . Projectile . | . . . AOE . | . . . Actions | -11 -10 -10 --------- Run | Scr Mat Min Total 695 | 180 348 167 Wait 47 | . 25 22 Move 530 | 140 265 125 Hop . | . . . Pick Up 10 | 8 1 1 Fast Attach 11 | 6 5 . Attach 2 | 2 . . Detach . | . . . Swap 4 | . 3 1 Drop 8 | 3 4 1 Fire 82 | 21 44 17 Melee . | . . . Ram 1 | . 1 . Kick . | . . . Crush . | . . . Escape Stasis . | . . . Rewire . | . . . Trap . | . . . Miscellaneous . | . . . Route ------- -11/Scrapyard -10/Materials (discovered 4 exits: *Mat x3 / [*Min]) -10/Mines History --------- Turn | Location | Event 13 | -11/Scrapyard | Discovered new exit (range 16) 186 | -11/Scrapyard | Entered Materials 305 | -10/Materials | Identified exit to Materials 317 | -10/Materials | Build established: Mutant 341 | -10/Materials | Core integrity fell below 50% 446 | -10/Materials | Discovered new exit (range 15) 560 | -10/Materials | Entered Mines 575 | -10/Mines | Assembled infested the area 580 | -10/Mines | Assisted by a Guerilla fighting off Assembled 584 | -10/Mines | Found a damaged Exp. Sensor Array with a note attached 588 | -10/Mines | Found Prototype Device 690 | -10/Mines | Core integrity fell below 20% 709 | -10/Mines | Destroyed by as-44361 with Assembled Rifle Last Messages --------------- 00588_ Dropped Lgt. Assault Rifle. 00588_ Acquired Prototype Device. 00593_ 6A-9G5(h): "I'll hold them off! Go on ahead or try to find another way!" 00593_ HV Slug penetrates Wall. 00622_ T-07 Excavator suffers critical hit. 00639_ U-05 Engineer lays Concrete. 00651_ K-01 Serf collects debris. 00673_ Aluminum Leg destroyed. 00674_ as-42150 destroyed. 00674_ Switching to secondary target: as-94528. 00674_ Lgt. Assault Rifle destroyed. 00684_ Hover Unit destroyed. 00696_ K-01 Serf collects debris. 00698_ as-94528 suffers critical hit. 00698_ Destroyed Asb. Heavy Rifle. 00700_ Acquired 10 matter. 00700_ K-01 Serf collects debris. 00705_ Acquired 10 matter. 00707_ U-05 Engineer destroyed. 00708_ Lgt. Assault Rifle destroyed. Map ----- +----------------------------------------------------+ | #?????#???????????????????????????????? | | ??????????????#???????????????????????? | | ??????????#???????????????????????????? | | ?????######???????????????????????????? | | ?????## #???????????????????????????? | | ???### #???????????????????????????# | | ??## #??????????#?????????????????? | | ??# ##????#???????????????????????? | | ??# ######????????????????????????? | | ??# #????????????????????????? | | ??# #### #??????????#?????????????? | | ??## ##?????##??????????????????????? | | #??# ###???????## ???????????????????? | | ???# ###???? ??????#?????????????????? | | ???# ##?????????#??????????????????? | | ???# #????????????????????????????? | | ???## #????????? ?????????#????????? | | ?#??# #?????#?# ??????????????????? | | ???## #??#?????#??????????? ?????#?? | | ???# ##?????#???? ??????????#?????? | | #?## ##????#?????#???????????????? | | ### u###?#??????????????????????? | | ?# ########??????????????????? | | ?# ##?????????????????? | | ?## =|##????????????????? | | ??####### @ %%!%###??????????????? | | ????????### !!!* ##?????????????? | | ??#?#?????## =!%= ####??????????? | | ?#?????????# |%=== ! a ###########? | | ???????????# ###%* =%!a #? | | ??#?#?????# ##?## a a #? | | ?#????? ? #???## ##### ### ## | | ??????? ????##* ##???# #?# | | ?????? ?????#% ##????# #?#### | | ?????## ?????# #?????# ##???# | | ??????## ?????# #????# #???# | | ???????# #?????# ????# ?? | | ???????# ###??????# ???###?#### | | ???????# ?????????# ?????????# | | ??????? ??????#??# ????????? | | ???????????????????## ???????? | | ????????????????????#### ??????? | | ????????????????????????# ??? ???? | | ?????????????????????????# ## ????????? | | ?????????????????????????? #??????????# | | ??????????????????????????????????????? | | ??????????????????????????????????????? | | ??????????????????????????????????????? | | ??????????????????????????????????????? | | ??????????????????????????????????????? | +----------------------------------------------------+ Best States ------------- Heat Dissipation 25 Energy Generation 10 Energy Capacity 250 Matter Stores 414 Matter Capacity 450 Sight Range 16 Terrain Scan Range 16 Terrain Scan Density 10 Evasion (%) 51 Item Schematics ----------------- None Robot Schematics ------------------ None Fabricated ------------ Nothing Alien Tech Used ----------------- None Achievements -------------- None Challenges ------------ None Game ------ Seed FlightTrapCompactor Manual? 0 Play Time 00:10:39 Cumulative 135.7 hours Start 2019.12.09 @ 08:49:27 End 2019.12.09 @ 08:58:39 Sessions 1 Manual Loads 0 Difficulty Rogue Special Mode None Game No. 186 Rogue 175 Adventurer 11 Explorer 0 Win Type - Total 0 Types 0/0/0/0/0/0/0 Lore% 45 Gallery% 58 Achievement% 40 Wizard Run 0 Options --------- ASCII 0 Keyboard 1 Movement Numpad Keybinds 0 Fullscreen 1 Font 12/Terminus Map View 83x54 Tactical HUD 1 Map Filters NONE Filters NONE Steam 1 RUN: aa832f1c-f7e9-4d83-8d22-bfde88216fc3